 Dungeon Crawl Stone Soup version 0.30-a0-1016-gfb0d676c02 (webtiles) character file.

Game seed: 3847249596638084838

180 ThatPearl the Insei (level 5, -3/57 HPs)
             Began as a Djinni Transmuter on Apr 7, 2023.
             Was a Believer of Trog.
             Slain by a gnoll
             ... wielding a +0 trident
              (11 damage)
             ... on level 3 of the Dungeon.
             The game lasted 00:04:07 (2126 turns).

ThatPearl the Insei (Djinni Transmuter)             Turns: 2126, Time: 00:04:07

Health: -3/57      AC:  3    Str: 11    XL:     5   Next: 91%
Gold:   119        EV: 12    Int: 14    God:    Trog [**....] SH:  0 Dex: 14

rFire   + + .      SeeInvis .      - Unarmed
rCold   x . .      Faith    .    (no shield)
rNeg    . . .      Spirit   .    n - +0 leather armour
rPois   ∞          Reflect  .    (no helmet)
rElec   .          Rampage  .    (no cloak)
rCorr   .                        (no gloves)
Will    +....                    (boots unavailable) Stlth
                                 (no amulet)
HPRegen 0.29/turn                g - ring of willpower
MPRegen 0.00/turn                (no ring)

@: berserking, flying, very quick
A: sickness immunity, fire resistance 2, cold vulnerability 1, float, innate
caster, HP casting, extra vitality 1
a: Renounce Religion, Berserk, Trog's Hand


You were on level 3 of the Dungeon.
You worshipped Trog.
Trog was pleased with you.
You visited 1 branch of the dungeon, and saw 3 of its levels.

You collected 119 gold pieces.

Inventory:

Missiles
 d - 33 stones
 m - 10 poisoned darts
Armour
 a - a +0 robe
 n - a +0 leather armour (worn)
Jewellery
 g - a ring of willpower (left hand)
Scrolls
 c - 2 scrolls of enchant weapon {unknown}
 f - a scroll of silence {unknown}
 h - a scroll of teleportation {unknown}
 i - a scroll of poison {unknown}
 j - a scroll of brand weapon {unknown}
 k - a scroll of fear {unknown}
 l - a scroll of immolation {unknown}
 o - 2 scrolls of identify {unknown}
 s - a scroll of torment {unknown}
 t - a scroll of noise {unknown}
Potions
 b - 2 potions of lignification
 e - a potion of curing {unknown}
 p - 2 potions of ambrosia {unknown}
 q - a potion of degeneration {unknown}
 r - a potion of cancellation {unknown}


   Skills:
 + Level 2.2 Fighting
 + Level 3.1 Dodging
 * Level 5.1 Unarmed Combat
 - Level 1.8 Spellcasting


You knew the following spells:

 Your Spells              Type           Power      Damage    Failure   Level
a - Beastly Appendage     Tmut           12%        N/A       16%         1
b - Wereblood             Tmut           6%         N/A       22%         2
c - Spider Form           Tmut/Pois      6%         N/A       41%         3
d - Ice Form              Ice/Tmut       6%         N/A       83%         4
e - Kiss of Death         Conj/Necr      24%        2d7       16%         1
f - Ensorcelled Hibernat  Hex/Ice        12%        N/A       22%         2
Your spell library was empty.

Dungeon Overview and Level Annotations

Branches:
Dungeon (3/15)

Altars:
Trog
Zin


Innate Abilities, Weirdness & Mutations

You are immune to sickness and miasma.
You are immune to poison.
Your flesh is very heat resistant. (rF++)
You are vulnerable to cold. (rC-)
You float through the air rather than walking.
You learn spells naturally, not from books.
Your magical power is your life essence.
You have superior vitality. (+4 MHP)


Message History

The kobold barely misses you. The gnoll barely misses you.
You hit the kobold but do no damage. The orc hits you with a +0 dagger.
The kobold hits you with a +0 club. The gnoll barely misses you.
You barely miss the kobold. You closely miss the kobold.
The gnoll closely misses you. The orc hits you but does no damage.
The kobold closely misses you.
You hit the kobold but do no damage. The orc hits you with a +0 dagger.
The kobold hits you with a +0 club. The gnoll barely misses you.
You miss the kobold. The orc hits you with a +0 dagger.
The kobold barely misses you. The gnoll barely misses you.
You hit the kobold.
The kobold is moderately wounded.
The gnoll hits you from afar with a +0 trident!
The kobold hits you with a +0 club. The orc closely misses you.
You miss the kobold.
The kobold is moderately wounded.
A gnoll comes into view. It is wielding a +0 hand axe.
The gnoll closely misses you. The kobold hits you with a +0 club.
The orc hits you with a +0 dagger. The orc attacks as you move away!
The orc barely misses you. The kobold attacks as you move away!
The kobold closely misses you.
A red film seems to cover your vision as you go berserk!
You feel yourself moving faster!
You feel mighty! The orc barely misses you. The kobold barely misses you.
The gnoll hits you but does no damage.
You barely miss the orc. You punch the orc!
You kill the orc!
Trog accepts your kill.
The gnoll hits you from afar with a +0 trident!
* * * LOW HITPOINT WARNING * * *
The kobold hits you with a +0 club.
* * * LOW HITPOINT WARNING * * *
Things that are here:
a +0 dagger; an orc corpse You punch the gnoll!
The gnoll is almost dead.
The gnoll closely misses you. The kobold hits you but does no damage.
You barely miss the gnoll.
The gnoll is almost dead.
The gnoll hits you with a +0 trident!
You die...

######### #.......#
###.......#
..........# #
.......@..###########
##
...##.gK............#
#. ##.....(........#
#. #..............#
#. #..............#
#. ###)...........#
#. #............# #.
#............###.
####..........###


You could see a gnoll and a kobold.

Vanquished Creatures
  An ogre (D:2)
  4 adders
  2 worms (D:2)
  A dart slug (D:3)
  2 orcs (D:3)
  A bat (D:2)
  3 endoplasms
  3 giant cockroaches
  3 goblins
  3 hobgoblins
  6 jackals (D:1)
  2 kobolds
  5 quokkas
  4 ball pythons
  4 frilled lizards
  5 rats
49 creatures vanquished.

Notes
Turn   | Place    | Note
-------+----------+-------------------------------------------
     0 | D:1      | ThatPearl the Djinni Transmuter began the quest for the
                  | Orb.
     0 | D:1      | ThatPearl set off with the following spells memorised:
                  | Beastly Appendage, Wereblood, Spider Form, Ice Form.
     0 | D:1      | Reached XP level 1. HP: 17/17 MP: 0/0
   128 | D:1      | Reached XP level 2. HP: 14/22 MP: 0/0
   193 | D:1      | Found a faded altar of an unknown god.
   214 | D:1      | Prayed at the altar of an unknown god.
   214 | D:1      | Became a worshipper of Trog the Wrathful
   214 | D:1      | Reached * piety under Trog
   414 | D:1      | Reached XP level 3. HP: 27/27 MP: 0/0
   414 | D:1      | Learned a level 1 spell: Kiss of Death
   851 | D:1      | Reached skill level 4 in Unarmed Combat
  1120 | D:2      | Noticed an ogre
  1146 | D:2      | Killed an ogre
  1147 | D:2      | Reached XP level 4. HP: 12/33 MP: 0/0
  1147 | D:2      | Reached XP level 5. HP: 14/38 MP: 0/0
  1147 | D:2      | Learned a level 2 spell: Ensorcelled Hibernation
  1690 | D:2      | Reached ** piety under Trog
  1933 | D:3      | Reached skill level 5 in Unarmed Combat
  1964 | D:3      | Found a glowing silver altar of Zin.
  2126 | D:3      | Slain by a gnoll

Illustrated notes

Levels and vault maps discovered:
D:1:      minmay_arrival_nine_rooms, layout_loops_ring,
          dreamdust_ecumenical_altar_hidden_monk_grotto, minmay_misc_feat_room,
          minmay_pentomino_t2
D:2:      layout_loops_ring, serial_glass, glass_columns_b, glass_columns_b,
          glass_columns_a, glass_columns_a, glass_columns_a, glass_columns_a,
          glass_columns_a, glass_columns_a, glass_columns_b, glass_columns_a,
          glass_columns_a, glass_columns_b, glass_columns_a, glass_columns_b,
          due_unseen_surprise, basic_altar, nrook_mini_vaults
D:3:      layout_basic, lemuel_doored_altar, trog_antimagical,
          dreamdust_wishing_well, glass_columns_a

Skill      XL: |  1  2  3  4  5 |
---------------+----------------+-----
Unarmed Combat | 4 5 |  5.1
Fighting       | 2 |  2.2
Dodging        | 3 |  3.1
Spellcasting   | |  1.8

Action                     |  1- 3 |  4- 6 || total
---------------------------+-------+-------++-------
  Melee: Unarmed           |   118 |    81 ||   199
         Headbutt          |     3 |       ||     3
         Punch             |     1 |     3 ||     4
   Cast: Beastly Appendage |     4 |       ||     4
 Invoke: Berserk           |     1 |     1 ||     2
   Stab: Sleeping          |       |     1 ||     1
 Armour: Robe              |    18 |       ||    18
         Leather armour    |       |    15 ||    15
  Dodge: Dodged            |    72 |    56 ||   128

Table legend: (Time is in decaauts)
 A = Elapsed time spent in this place.
 B = Non-inter-level travel time spent in this place.
 C = Inter-level travel time spent in this place.
 D = Time resting spent in this place.
 E = Time spent auto-exploring this place.
 F = Levels seen in this place.
 G = Mean time per level.
                   A        B        C        D        E       F      G
               +--------+--------+--------+--------+--------+-----+--------+
         Total |   2116 |   2081 |     35 |      5 |   1614 |   3 |  705.3 |
       Dungeon |   2116 |   2081 |     35 |      5 |   1614 |   3 |  705.3 |
               +--------+--------+--------+--------+--------+-----+--------+

Top non-repeatable levels by time:
     D:2: 998 daAuts
     D:1: 880 daAuts
     D:3: 238 daAuts
